 Dungeon Crawl Stone Soup version 0.30-a0-702-gdf48620a09 (webtiles) character file.

Game seed: 17135414552012463041

65 Leeroy the Twirler (level 4, -1/26 HPs)
             Began as a Tengu Warper on Jan 21, 2023.
             Slain by a gnoll
             ... wielding a +0 whip
              (5 damage)
             ... on level 3 of the Dungeon.
             The game lasted 00:03:31 (1953 turns).

Leeroy the Twirler (Tengu Warper)                   Turns: 1953, Time: 00:03:32

Health: -1/26      AC:  3    Str: 11    XL:     4   Next: 13%
Magic:  8/8        EV: 12    Int: 16    God:
Gold:   119        SH:  0    Dex: 19    Spells: 2/7 levels left

rFire   . . .      SeeInvis +    i - +0 lajatang
rCold   . . .      Faith    .    (shield currently unavailable)
rNeg    . . .      Spirit   .    b - +0 leather armour
rPois   .          Reflect  .    (helmet restricted)
rElec   .          Harm     .    (no cloak)
rCorr   .          Rampage  .    (no gloves)
Will    .....                    (boots unavailable)
Stlth   +                        (no amulet)
HPRegen 0.24/turn                m - +6 ring of dexterity
MPRegen 0.11/turn                t - ring of see invisible

@: no status effects
A: beak, talons 3
a: no special abilities


You were on level 3 of the Dungeon.
You visited 1 branch of the dungeon, and saw 3 of its levels.

You collected 119 gold pieces.

Inventory:

Hand Weapons
 a - a +0 falchion
 i - a +0 lajatang (weapon)
 l - a +3 short sword
Missiles
 d - 7 boomerangs of dispersal (quivered)
 x - 2 throwing nets
Armour
 b - a +0 leather armour (worn)
Magical Staves
 n - a staff of fire
Jewellery
 m - a +6 ring of dexterity (left hand)
 t - a ring of see invisible (right hand)
 u - a ring of resist corrosion
Wands
 v - a wand of light (2)
Scrolls
 c - a scroll of blinking
 e - 2 scrolls of enchant weapon {unknown}
 f - a scroll of enchant armour {unknown}
 h - a scroll of amnesia {unknown}
 j - a scroll of magic mapping {unknown}
 o - 2 scrolls of identify {unknown}
 r - a scroll of torment {unknown}
Potions
 g - 2 potions of heal wounds {unknown}
 k - a potion of degeneration {unknown}
 p - a potion of magic {unknown}
 q - a potion of flight {unknown}
 s - a potion of might {unknown}
 w - a potion of berserk rage {unknown}


   Skills:
 - Level 2.0 Fighting
 - Level 2.5 Long Blades
 + Level 3.7 Staves
 - Level 1.0 Throwing
 - Level 1.1 Armour
 - Level 2.1 Dodging
 - Level 2.0 Spellcasting
 - Level 2.4 Translocations


You had 2 spell levels left.
You knew the following spells:

 Your Spells              Type           Power      Damage    Failure   Level
a - Blink                 Tloc           18%        N/A       16%         2
b - Vhi's Electric Charg  Tloc/Air       10%        N/A       45%         3

Your spell library contained the following spells:

 Spells                   Type           Power      Damage    Failure   Level
 Lesser Beckoning         Tloc           18%        N/A       16%         2
 Freeze                   Ice            4%         1d3       26%         1
 Teleport Other           Tloc           9%         N/A       30%         3
 Frozen Ramparts          Ice            2%         1d1       63%         3
 Hailstorm                Conj/Ice       1%         3d3       63%         3
 Manifold Assault         Tloc           9%         N/A       71%         4


Dungeon Overview and Level Annotations

Branches:
Dungeon (3/15)

Altars:
Zin

Shops:
D:1 *


Innate Abilities, Weirdness & Mutations

You have a beak for a mouth.
You have claws for feet.


Message History

No target in view!
No target in view!
No target in view!
No target in view!
You now have 109 gold pieces (gained 12).
w - a fizzy grey potion
x - 2 throwing nets You now have 119 gold pieces (gained 10). 2 gnolls come into view.
There are monsters nearby!
A gnoll comes into view. It is wielding a +0 spear.
The gnoll shouts!
You hear a shout!
The gnoll shouts!
The gnoll shouts!
The gnoll hits you with a +0 whip.
You barely miss the gnoll. You peck the gnoll.
The gnoll is lightly wounded.
You hear the slow rusting of a drain nearby.
The gnoll barely misses you.
The gnoll hits you from afar with a +0 spear.
You barely miss the gnoll. Your peck misses the gnoll.
The gnoll is lightly wounded.
The gnoll hits you with a +0 club. The gnoll misses you.
The gnoll hits you from afar with a +0 spear!
A hobgoblin comes into view.
You are too injured to fight recklessly!
You are too injured to fight recklessly!
You are too injured to fight recklessly!
You are too injured to fight recklessly!
You barely miss the gnoll.
The gnoll is lightly wounded.
The hobgoblin shouts!
The gnoll closely misses you.
A hobgoblin comes into view.
The gnoll hits you with a +0 whip.
* * * LOW HITPOINT WARNING * * *
The gnoll closely misses you. The gnoll barely misses you.
The gnoll misses you. The gnoll barely misses you.
The gnoll attacks as you move away! The gnoll hits you with a +0 whip.
You die...

##....#>#...†#....
#....#.#......... .
#....#.#......... ..
#....#.#......... ...
#......#......... ..g.
###......+.........
#....#.+.....##.........
......g#...####.........
......g@................
.....g..................
.g.............###......
.##............#........
#............#.....###
#.....###+####.....#
#.....# #.....+ #.....#
#.....# #.....+


You could see 3 gnolls and 2 hobgoblins.

Vanquished Creatures
  3 adders (D:2)
  A dart slug (D:2)
  6 ball pythons
  2 bats
  An endoplasm (D:2)
  4 goblins (D:1)
  2 hobgoblins (D:1)
  6 jackals
  2 kobolds (D:1)
  A quokka (D:3)
  6 frilled lizards (D:1)
34 creatures vanquished.

Notes
Turn   | Place    | Note
-------+----------+-------------------------------------------
     0 | D:1      | Leeroy the Tengu Warper began the quest for the Orb.
     0 | D:1      | Reached XP level 1. HP: 12/12 MP: 4/4
   466 | D:1      | Found Aheunas's General Store.
   489 | D:1      | Reached skill level 1 in Staves
   489 | D:1      | Reached XP level 2. HP: 10/17 MP: 6/6
   696 | D:1      | Reached skill level 2 in Staves
   762 | D:1      | Reached XP level 3. HP: 17/21 MP: 7/7
   820 | D:1      | Learned a level 2 spell: Blink
   824 | D:1      | Learned a level 3 spell: Vhi's Electric Charge
  1211 | D:2      | Found a faded altar of an unknown god.
  1221 | D:2      | Reached skill level 3 in Staves
  1419 | D:2      | Reached XP level 4. HP: 23/26 MP: 8/8
  1908 | D:3      | Found a glowing silver altar of Zin.
  1953 | D:3      | Slain by a gnoll

Illustrated notes

Levels and vault maps discovered:
D:1:      dpeg_arrival_circle_labyrinth_a, layout_basic, serial_shops, shop,
          nicolae_concentric_dashed_squares_wild
D:2:      layout_loops_ring, ebering_ecumenical_altar_sacrificial, minivault_4
D:3:      layout_basic, lemuel_crystal_altar, serial_shops,
          nicolae_shop_advertising_works [nicolae_subvault_shop_adworks],
          cheibrodos_sewer_entry_drain

Skill      XL: |  1  2  3 |
---------------+----------+-----
Staves         | 1 2 3 |  3.7
Fighting       | |  2.0
Long Blades    | |  2.5
Throwing       | |  1.0
Armour         | |  1.1
Dodging        | |  2.1
Spellcasting   | |  2.0
Translocations | |  2.4

Action                   |  1- 3 |  4- 6 || total
-------------------------+-------+-------++-------
Melee: Lajatang          |    72 |    10 ||    82
       Peck              |    11 |     1 ||    12
       Kick              |    10 |     2 ||    12
       Falchion          |     1 |       ||     1
 Stab: Sleeping          |     1 |       ||     1
Armor: Leather armour    |    14 |     4 ||    18
Dodge: Dodged            |    48 |     9 ||    57

Table legend: (Time is in decaauts)
 A = Elapsed time spent in this place.
 B = Non-inter-level travel time spent in this place.
 C = Inter-level travel time spent in this place.
 D = Time resting spent in this place.
 E = Time spent auto-exploring this place.
 F = Levels seen in this place.
 G = Mean time per level.
                   A        B        C        D        E       F      G
               +--------+--------+--------+--------+--------+-----+--------+
         Total |   1974 |   1820 |    154 |      0 |   1532 |   3 |  658.0 |
       Dungeon |   1974 |   1820 |    154 |      0 |   1532 |   3 |  658.0 |
               +--------+--------+--------+--------+--------+-----+--------+

Top non-repeatable levels by time:
     D:1: 1104 daAuts
     D:2: 766 daAuts
     D:3: 103 daAuts
